 Dungeon Crawl Stone Soup version 0.24-a0-616-ge2a249a6fd (webtiles) character file.

Game seed: 3056947807559500611, levelgen mode: deterministic

1702304 Wolfram the Axe Maniac (level 27, 273/273 HPs)
             Began as a Minotaur Chaos Knight on Sept 14, 2019.
             Was a High Priest of Trog.
             Escaped with the Orb
             ... and 3 runes!
             The game lasted 03:02:10 (71750 turns).

Wolfram the Axe Maniac (Minotaur Chaos Knight)     Turns: 71750, Time: 03:02:11

Health: 273/273    AC: 45    Str: 31 (32) XL:     27
Magic:  11/11      EV: 24    Int:  9      God:    Trog [*****.]
Gold:   1373       SH:  6    Dex: 17 (18) Spells: 26/26 levels left

rFire    + + +     SeeInvis .   a - +5 executioner's axe (antimagic)
rCold    + + +     Gourm    .   (shield currently unavailable)
rNeg     + . .     Faith    .   G - +10 gold dragon scales
rPois    +         Spirit   .   S - +1 hat
rElec    .         Reflect  +   v - +2 cloak {MR+}
rCorr    +         Harm     .   I - +0 pair of gloves of Magic {rCorr}
MR       +++..                  n - +2 pair of boots "Rogoezaw" {Dex+4 Stlth+}
Stlth    ..........             u - amulet "Qirautuimu" {Reflect rF++ SH+6}
HPRegen  0.55/turn              q - ring of the Seven Songs {rC+ rN+}
MPRegen  0.12/turn              V - +6 ring of strength

@: no status effects
A: retaliatory headbutt, hooves 2, horns 2, repulsion field 1, iridescent scales
1, blink, cold resistance 1, deformed body, shaggy fur 1
0: Orb of Zot
}: 3/15 runes: decaying, silver, gossamer
a: Blink, Berserk, Trog's Hand, Brothers in Arms, Renounce Religion


You escaped.
You worshipped Trog.
Trog was extremely pleased with you.
You were completely stuffed.

You visited 11 branches of the dungeon, and saw 50 of its levels.
You also visited: Ossuary and Desolation.

You collected 7897 gold pieces.
You spent 6524 gold pieces at shops.

Inventory:

Hand Weapons
 a - a +5 antimagic executioner's axe (weapon)
 b - a +9 vampiric executioner's axe
 c - the +6 battleaxe of Mytopu {flame, rPois SInv}
   (You found it on level 1 of the Depths)

   It has been specially enchanted to burn those struck by it, causing extra
   injury to most foes and up to half again as much damage against particularly
   susceptible opponents.
   Big, fiery blades are also staple armaments of hydra-hunters.
   It protects you from poison.
   It lets you see invisible.
 r - the +4 executioner's axe "Ysmiubla" {flame, rElec MR- Int+2}
   (Trog gifted it to you on level 6 of the Lair of Beasts)

   It has been specially enchanted to burn those struck by it, causing extra
   injury to most foes and up to half again as much damage against particularly
   susceptible opponents.
   Big, fiery blades are also staple armaments of hydra-hunters.
   It affects your intelligence (+2).
   It insulates you from electricity.
   It affects your resistance to hostile enchantments.
Missiles
 F - 13 throwing nets (quivered) {!f}
Armour
 n - the +2 pair of boots "Rogoezaw" (worn) {Dex+4 Stlth+}
   (You found it on level 4 of the Spider Nest)

   It affects your dexterity (+4).
   It makes you more stealthy.
 v - a +2 cloak of magic resistance (worn)
 G - +10 gold dragon scales (worn)
 I - the +0 pair of gloves of Magic (worn) {rCorr}
   (You found it on level 7 of the Dungeon)

   It provides partial protection from all sources of acid and corrosion.
 S - a +1 hat (worn)
Jewellery
 q - the ring of the Seven Songs (left hand) {rC+ rN+}
   (You found it on level 2 of the Vaults)

   [ring of protection from cold]

   It protects you from cold.
   It protects you from negative energy.
 u - the amulet "Qirautuimu" (around neck) {Reflect rF++ SH+6}
   (You took it off a crimson imp on level 1 of the Depths)

   [amulet of reflection]

   It shields you and reflects attacks.
   It greatly protects you from fire.
   It affects your SH (+6).
 U - an uncursed ring of poison resistance
 V - a +6 ring of strength (right hand)
Wands
 d - a wand of digging (18)
 i - a wand of iceblast (40)
 p - a wand of paralysis (36)
 s - a wand of scattershot (41)
 A - a wand of acid (41)
 C - a wand of clouds (8)
 E - a wand of enslavement (30)
Scrolls
 e - 13 scrolls of identify
 k - 12 scrolls of fear
 w - 31 scrolls of teleportation
 z - 2 scrolls of blinking
 D - 3 scrolls of summoning
 J - 8 scrolls of vulnerability
 L - 5 scrolls of fog
 M - 4 scrolls of silence
 N - 12 scrolls of immolation
 R - 2 scrolls of magic mapping
Potions
 g - 12 potions of curing
 h - a potion of haste
 j - 3 potions of resistance
 m - 5 potions of mutation
 y - 3 potions of berserk rage
 H - 4 potions of heal wounds
 O - 4 potions of magic
 T - 7 potions of cancellation
 X - 3 potions of might
Miscellaneous
 o - a fan of gales
 x - a lamp of fire
 K - 3 boxes of beasts
 P - a phial of floods
 Q - a lightning rod (4/4)
 W - 7 phantom mirrors
 Y - 4 sacks of spiders
Comestibles
 f - 47 rations


   Skills:
 O Level 27 Fighting
 O Level 27 Axes
 O Level 27 Armour
 + Level 23.1 Dodging
 - Level 18.0 Evocations


You had 26 spell levels left.
You didn't know any spells.
Your spell library contained the following spells:

 Spells                   Type           Power        Failure   Level  Hunger
 Magic Dart               Conj           #...         90%         1    ##.....
 Searing Ray              Conj           #.....       97%         2    ###....
 Dazzling Spray           Conj/Hex       #.....       99%         3    ####...
 Force Lance              Conj/Tloc      #.......     100%        4    #####..
 Fulminant Prism          Conj/Hex       #.........   100%        4    #####..
 Iskenderun's Mystic Bla  Conj           #.......     100%        4    #####..


Dungeon Overview and Level Annotations

Branches:
Dungeon (15/15)            Temple (1/1) D:5            Lair (6/6) D:10
  Swamp (4/4) Lair:4       Spider (4/4) Lair:2        Slime (2/5) Lair:5
    Orc (2/2) D:11            Elf (0/3) Orc:2        Vaults (5/5) D:13
  Crypt (1/3) Vaults:2     Depths (5/5) D:15            Zot (5/5) Depths:5
Ossuary (visited)         Desolation (visited)

Altars:
Ashenzari
Cheibriados
Dithmenos
Elyvilon
Fedhas
Gozag
Hepliaklqana
Kikubaaqudgha
Makhleb
Nemelex Xobeh
Okawaru
Qazlal
Ru
Sif Muna
Trog
Uskayaw
Vehumet
Wu Jian
Xom
Yredelemnul
Zin
The Shining One
Beogh

Shops:
D:5 ?   D:6 [   Orc:2 }[[?   Vaults:2 (   Vaults:4 [   Vaults:5 :   Zot:4 *
Depths:1 }=}   Depths:5 =

Portals:
Hell: Depths:1 Depths:2 Depths:3 Depths:4 Depths:5
Abyss: Depths:1 Depths:4
Pandemonium: Depths:1 Depths:2 Depths:3
Ziggurat: Depths:2

Annotations:
D:15 3 runed translucent doors, Jiopn's ghost, adept MiBe
Zot:2 2 transporters, Xulepti Man's ghost, legendary MiFi


Innate Abilities, Weirdness & Mutations

You reflexively headbutt those who attack you in melee.
You have a pair of horns on your head.
You have hoof-like feet.
You are surrounded by a mild repulsion field. (EV +2)
You are partially covered in iridescent scales. (AC +2)
You can translocate small distances at will.
Your flesh is cold resistant. (rC+)
Armour fits poorly on your strangely shaped body.
You are covered in fur. (AC +1)


Message History

There is a stone staircase leading up here.
You climb upwards.
There is a stone staircase leading down here.
There is a stone staircase leading up here.
You climb upwards.
There is a stone staircase leading down here.
Press: ? - help, v - describe, . - travel A stone staircase leading down.
This square is covered in magical glow.
Unknown command.
There is a stone staircase leading up here.
You climb upwards.
There is a stone staircase leading down here.
There is a stone staircase leading up here.
You climb upwards.
There is a stone staircase leading down here.
You open the door.
There is an open door here.
There is a staircase leading out of the dungeon here.
You have escaped!

#.......##.# #.### #.#
..##.###...#####.# #.#
##.......#..##...###
#.#
##.#...............###
#.#
##...###.####........#
#.#
...#####.####.'+++++.#
#.# #.##
#....)..+....+.# #.#
..# #..####.+....+.#
#.# ..# #..#
#.'.@..+.# #.### ..#
#..# #.+....'.# #...#
..#####..# #.++'+++.#
####.#.# .....##..#
##........# #......###
..##.##..# #..###....#
#.........
..##.##..###.##
###..###.....####
..##.##.###..#
#.###.......##
..##.##.# #.##
#.##.........#
......#.# #.#
#.##.........#


There were no monsters in sight!

Vanquished Creatures
  Mennas (Vaults:2)
  3 ancient liches
  Mara (Vaults:4)
  4 orbs of fire (Zot:5)
  A juggernaut (Depths:3)
  11 Killer Klowns
  Sojobo (Depths:5)
  Saint Roka (Orc:2)
  Xtahua (Depths:3)
  2 curse toes
  5 caustic shrikes
  Margery (Vaults:5)
  9 golden dragons
  Arachne (Spider:2)
  2 electric golems (Zot:5)
  2 liches (Depths:2)
  2 Ice Fiends
  25 Orb Guardians (Zot:5)
  Asterion (Spider:2)
  20 tentacled monstrosities
  9 quicksilver dragons
  5 titans
  9 acid blobs
  12 death cobs
  12 tengu reavers
  2 thorn hunters
  14 shadow dragons
  6 sphinxes
  Kirke (D:12)
  Agnes (D:14)
  Donald (Spider:2)
  8 storm dragons
  6 draconian monks
  4 azure jellies
  11 fire giants
  15 frost giants
  3 deep elf sorcerers (Vaults:1)
  3 iron dragons
  2 balrugs
  5 imperial myrmidons (Desolation)
  6 draconian scorchers
  8 emperor scorpions
  8 draconian shifters
  3 ghost moths
  3 draconian stormcallers
  14 vault wardens
  6 draconian knights
  A deep elf elementalist (Vaults:5)
  A cacodemon (D:10)
  The ghost of skumtomte the Fighter, a journeyman TrMo of Trog (Lair:5)
  2 war gargoyles
  3 draconian annihilators
  2 entropy weavers
  29 very ugly things
  3 spriggan defenders
  10 ironheart preservers
  A corrupter (D:10)
  29 stone giants
  15 green draconians
  A deep elf demonologist (Vaults:5)
  An entropy weaver (shapeshifter) (Vaults:5)
  3 vampire knights
  A halazid warlock (Desolation)
  10 yellow draconians
  7 spark wasps
  A deep elf annihilator (Vaults:5)
  Azrael (Spider:3)
  10 black draconians
  3 dire elephants (Lair:6)
  7 purple draconians
  9 white draconians
  8 red draconians
  A spark wasp (shapeshifter) (Vaults:5)
  2 blizzard demons
  21 yaktaur captains
  15 ogre magi
  20 ettins
  14 great orbs of eyes
  A crystal guardian (Desolation)
  8 ragged hierophants (Desolation)
  2 jiangshi (Depths:3)
  13 fire dragons
  11 peacekeepers (Desolation)
  2 rakshasas
  17 ice dragons
  3 spriggan air magi
  24 vault guards
  5 servants of whispers (Desolation)
  A monstrous demonspawn (Depths:1)
  13 centaur warriors
  A hell beast (Depths:3)
  17 hydras
  3 shambling mangroves
  43 two-headed ogres
  4 death knights
  13 deep troll shamans
  A dancing weapon (Vaults:5)
  7 death yaks
  8 alligators
  An anaconda (Lair:6)
  4 tengu warriors
  A two-headed ogre (shapeshifter) (Vaults:1)
  10 deep troll earth magi
  2 vampire magi
  4 deep elf knights
  5 spriggan berserkers
  7 sun demons
  A salamander mystic (Depths:4)
  7 iron trolls
  18 hell knights
  Nergalle (Lair:4)
  4 skeletal warriors
  2 shadow wraiths
  4 large abominations (Depths:1)
  4 wizards
  2 infernal demonspawn
  25 deep trolls
  A sixfirhy (D:10)
  2 shadow demons (D:10)
  A death drake (shapeshifter) (Depths:4)
  11 swamp dragons
  A swamp dragon (shapeshifter) (Vaults:3)
  6 flayed ghosts
  An unseen horror (shapeshifter) (Depths:2)
  7 glowing orange brains
  A gelid demonspawn (Depths:1)
  A glowing orange brain (shapeshifter) (Vaults:5)
  16 ironbrand convokers
  13 orc knights
  6 harpies
  8 phantasmal warriors
  8 deep elf archers
  28 wolf spiders
  A shadow dragon zombie (Depths:1)
  13 orb spiders
  5 oklob plants (Lair:4)
  6 necromancers
  66 ugly things
  16 deep elf magi
  3 orc sorcerers
  A stone giant zombie (Vaults:4)
  2 manticores
  2 shining eyes
  6 cyclopes
  4 salamanders
  23 elephants
  29 moths of wrath
  A guardian serpent (Desolation)
  An eye of devastation (Slime:1)
  A guardian serpent (shapeshifter) (D:15)
  4 black mambas
  An orange demon (Depths:3)
  10 vault sentinels
  An ice statue (D:8)
  A spriggan zombie (Depths:1)
  A smoke demon (Depths:4)
  19 spiny frogs
  A gargoyle (D:14)
  2 spiny frogs (shapeshifter)
  A torpor snail (Spider:2)
  2 molten gargoyles (Desolation)
  11 rime drakes
  9 demonic crawlers
  3 rime drakes (shapeshifter)
  A tormentor (Depths:1)
  7 komodo dragons
  A human skeleton (Vaults:4)
  51 yaktaurs
  2 komodo dragons (shapeshifter)
  4 freezing wraiths
  A yaktaur skeleton (Vaults:4)
  12 ice devils
  A troll (shapeshifter) (Vaults:5)
  4 red devils
  3 meliai (D:14)
  2 polar bears
  14 hornets
  25 jumping spiders
  A polar bear (shapeshifter) (D:14)
  8 trolls
  10 blink frogs
  8 hippogriffs
  5 tyrant leeches
  54 saltlings (Desolation)
  6 bog bodies
  A blink frog (shapeshifter) (Vaults:1)
  75 slime creatures
  2 meliai zombies
  A dream sheep (shapeshifter) (Depths:4)
  10 dream sheep
  70 redbacks
  6 spriggans
  3 shadows
  9 wraiths
  4 hogs (D:12)
  33 tarantellas
  4 wyverns
  3 basilisks
  2 spriggan simulacra (Depths:1)
  27 yaks
  16 steam dragons
  The ghost of 2BsUSBport the Skirmisher, an amateur DsAK of Lugonu (D:3)
  3 fire elementals (Spider:3)
  2 golden eyes (Slime:2)
  3 chaos spawn (Depths:1)
  11 vampire mosquitoes
  12 swamp worms
  4 hungry ghosts
  3 wargs
  4 insubstantial wisps (Swamp:3)
  A soldier ant (shapeshifter) (Depths:1)
  Edmund (D:5)
  14 water moccasins
  5 hell hounds
  2 acid dragons
  A floating eye (shapeshifter) (Vaults:5)
  10 porcupines
  8 small abominations (Depths:1)
  4 ice beasts
  13 swamp drakes
  2 black bears
  2 phantoms
  A hornet zombie (D:15)
  4 sky beasts
  43 orc warriors
  3 eyes of draining
  A boggart (Vaults:1)
  An elf zombie (Vaults:4)
  2 necrophages
  A wolf (Lair:4)
  43 ogres
  A centaur (shapeshifter) (Vaults:5)
  37 centaurs
  13 crocodiles
  5 big kobolds
  16 bullfrogs
  2 gnoll sergeants (D:12)
  A hornet simulacrum (Vaults:1)
  2 scorpions
  3 killer bees (D:12)
  5 wights (D:13)
  An electric eel (Spider:3)
  8 howler monkeys
  4 bullfrog zombies
  16 crimson imps
  2 centaur zombies
  24 orc priests
  8 hounds
  3 iron imps
  10 jellies
  5 centaur skeletons
  14 mummies (Ossuary)
  5 iguanas
  34 orc wizards
  5 hell rats (Lair:4)
  7 worker ants
  4 hound zombies (Ossuary)
  A howler monkey zombie (D:5)
  3 worker ant zombies
  8 gnolls
  12 adders
  3 shadow imps
  6 white imps (Depths:1)
  9 ufetubi
  14 oozes
  5 adder zombies (Ossuary)
  An adder skeleton (D:8)
  7 worms
  3 dart slugs
  6 leopard geckos
  107 orcs
  5 bats
  8 giant cockroaches
  6 goblins
  5 hobgoblins
  4 quokkas
  2 ball pythons
  6 frilled lizards
  15 kobolds
  A leopard gecko zombie (D:5)
  A quokka zombie (Ossuary)
  6 rats
  13 briar patches
  2 bushes (D:9)
  A fire vortex (D:11)
  4 fungi (Lair:4)
  8 plants
2357 creatures vanquished.

Vanquished Creatures (collateral kills)
  An ancient lich (Zot:5)
  A Killer Klown (Zot:5)
  the Lernaean hydra (Swamp:4)
  Bai Suzhen (Spider:4)
  A quicksilver dragon (Zot:5)
  An azure jelly (Slime:1)
  2 storm dragons
  An iron dragon (Depths:5)
  2 vault wardens (Vaults:5)
  An emperor scorpion (Spider:4)
  A draconian scorcher (Zot:4)
  A draconian shifter (Zot:1)
  A war gargoyle (Vaults:5)
  A stone giant (Vaults:4)
  A green draconian (Zot:5)
  A black draconian (Zot:4)
  2 red draconians
  A purple draconian (Zot:5)
  2 yellow draconians
  3 great orbs of eyes
  A rakshasa (Depths:2)
  11 vault guards
  2 tengu warriors
  2 hell knights (Vaults:5)
  A swamp dragon (Swamp:4)
  An ironbrand convoker (Vaults:5)
  An orb spider (Spider:4)
  An ugly thing (Depths:5)
  A shining eye (Slime:1)
  3 elephants (Lair:4)
  A yaktaur (Vaults:5)
  A komodo dragon (Lair:5)
  2 jumping spiders (Spider:4)
  A blink frog (Lair:5)
  8 slime creatures (Slime:1)
  3 dream sheep (Lair:5)
  2 tarantellas
  A warg (Vaults:5)
  A water moccasin (Lair:5)
  An ogre (Vaults:5)
  A centaur (D:13)
  A bullfrog (Lair:5)
  A gnoll sergeant (D:13)
  4 gnolls (D:13)
78 creatures vanquished.

Vanquished Creatures (others)
  A stone giant (Vaults:5)
  A very ugly thing (Depths:5)
  An ice dragon (Vaults:4)
  An alligator (Swamp:4)
  A hell knight (Vaults:5)
  An ugly thing (Depths:5)
  2 yaktaurs (Depths:4)
  A tarantella (Spider:4)
  An ogre (Vaults:1)
  A white imp (Depths:1)
  A briar patch (Swamp:4)
  4 fungi
  12 plants
  6 toadstools (Swamp:3)
34 creatures vanquished.

Grand Total: 2469 creatures vanquished

Notes
Turn   | Place    | Note
-------+----------+-------------------------------------------
     0 | D:1      | Wolfram the Minotaur Chaos Knight began the quest for the
                  | Orb.
     0 | D:1      | Reached XP level 1. HP: 19/19 MP: 0/0
    60 | D:1      | XOM: silly message
    96 | D:1      | XOM: noise
    98 | D:1      | Reached XP level 2. HP: 27/27 MP: 1/1
   312 | D:1      | XOM: smoke on damage
   376 | D:1      | XOM: cloud trail
   494 | D:1      | XOM: 7-stop teleportation journey
   523 | D:1      | XOM: give mutation
   523 | D:1      | Gained mutation: You are weak. (Str -2) [Xom's mischief]
   569 | D:1      | XOM: summons 1 hostile demon
   601 | D:1      | XOM: give mutations
   601 | D:1      | Gained mutation: You are agile. (Dex +2) [Xom's mischief]
   601 | D:1      | Gained mutation: You occasionally shout uncontrollably at
                  | your foes. [Xom's mischief]
   631 | D:1      | XOM: medium Erth miscast
   757 | D:1      | XOM: medium Hex miscast
   839 | D:1      | Reached XP level 3. HP: 33/33 MP: 2/2
   953 | D:1      | XOM: harmless Summ miscast
   979 | D:1      | Reached skill level 5 in Axes
  1086 | D:2      | XOM: smoke on damage
  1215 | D:1      | XOM: summons 1 hostile demon
  1253 | D:2      | Reached XP level 4. HP: 31/40 MP: 3/3
  1287 | D:2      | XOM: god gift: 48 gold pieces
  1302 | D:2      | XOM: 4-stop teleportation journey
  1423 | D:2      | XOM: harmless Chrm miscast
  1447 | D:2      | XOM: 2-stop teleportation journey
  1559 | D:2      | XOM: harmless Fire miscast
  1995 | D:2      | Found a sparkling altar of Nemelex Xobeh.
  2247 | D:3      | Reached XP level 5. HP: 41/46 MP: 4/4
  2406 | D:3      | XOM: enchant monster (bad)
  2448 | D:3      | XOM: confusion
  2687 | D:3      | XOM: god gift: book of Conjurations
  2700 | D:3      | Found a transporter.
  2726 | D:3      | Noticed 2BsUSBport's ghost (amateur DsAK)
  2738 | D:3      | Found a transporter.
  2874 | D:3      | XOM: noise
  3366 | D:4      | XOM: blink monster(s)
  3371 | D:4      | Reached XP level 6. HP: 51/52 MP: 5/5
  3379 | D:4      | Found a glowing golden altar of the Shining One.
  3479 | D:4      | Got a crystal hunting sling
  3480 | D:4      | Identified the +8 hunting sling of Pottu {venom, +Inv rElec
                  | rN++} (You found it on level 4 of the Dungeon)
  3496 | D:4      | Noticed an ice beast
  3501 | D:4      | Killed an ice beast
  3525 | D:4      | Reached XP level 7. HP: 58/58 MP: 6/6
  3525 | D:4      | XOM: cleaving
  3794 | D:5      | Entered Level 5 of the Dungeon
  3802 | D:5      | Found a sand-covered staircase.
  3811 | D:5      | XOM: give mutations
  3811 | D:5      | Gained mutation: You are robust. (+10% HP) [Xom's grace]
  3811 | D:5      | Gained mutation: You have a pair of large horns on your
                  | head. [Xom's grace]
  3811 | D:5      | Gained mutation: You are surrounded by a mild repulsion
                  | field. (EV +2) [Xom's grace]
  3811 | D:5      | Gained mutation: You can translocate small distances at
                  | will. [Xom's grace]
  3819 | Ossuary  | Entered an ossuary
  3867 | Ossuary  | XOM: cleaving
  3870 | Ossuary  | XOM: potion effect (berserk rage)
  3874 | Ossuary  | Reached skill level 10 in Axes
  3889 | Ossuary  | XOM: fog
  4028 | Ossuary  | XOM: cloud trail
  4066 | Ossuary  | XOM: confuse monster(s)
  4247 | Ossuary  | Reached XP level 8. HP: 69/72 MP: 7/7
  4374 | D:5      | XOM: summons 2 hostile shadow creatures
  4453 | D:5      | Found a staircase to the Ecumenical Temple.
  4475 | Temple   | Entered the Ecumenical Temple
  4481 | Temple   | Fell from the grace of Xom
  4481 | Temple   | Became a worshipper of Trog the Wrathful
  4705 | D:5      | Noticed Edmund
  4707 | D:5      | XOM: blink monster(s)
  4717 | D:5      | Killed Edmund
  4738 | D:5      | Found Rijeorr's Magic Scroll Shop.
  4754 | D:5      | Bought a scroll of teleportation for 45 gold pieces
  4754 | D:5      | Bought a scroll of blinking for 112 gold pieces
  4754 | D:5      | Bought a scroll of blinking for 112 gold pieces
  4754 | D:5      | Bought a scroll of teleportation for 45 gold pieces
  4866 | D:5      | Reached skill level 5 in Fighting
  4916 | D:5      | XOM: severe Necr miscast
  5582 | D:6      | XOM: stat loss: -2 Int (7/9)
  5719 | D:6      | Found Cohypyep's Antique Armour Emporium.
  6148 | D:6      | Got an encrusted leather armour
  6159 | D:6      | Identified the +1 leather armour of Vehumet's Displeasure
                  | {rC++ MR- Int+5} (You found it on level 6 of the Dungeon)
  6319 | D:6      | XOM: noise
  6506 | D:7      | Reached * piety under Trog
  6571 | D:7      | Reached XP level 9. HP: 86/86 MP: 8/8
  6675 | D:7      | Got a pair of faintly humming gloves
  6676 | D:7      | XOM: summons 7 hostile demons
  7113 | D:6      | Reached skill level 10 in Fighting
  7480 | D:7      | XOM: medium Pois miscast
  7504 | D:7      | Found a shattered altar of Ashenzari.
  7508 | D:7      | Saw a vision of the Swamp and the Spider Nest.
  7508 | D:7      | Noticed an alligator
  7508 | D:7      | Noticed a wolf spider
  7508 | D:7      | Noticed an alligator
  7508 | D:7      | XOM: medium Fire miscast
  7509 | D:7      | Noticed an alligator
  7526 | D:7      | XOM: god gift: amethyst potion {god gift}
  7638 | D:7      | Identified the +0 pair of gloves of Magic {rCorr} (You
                  | found it on level 7 of the Dungeon)
  7651 | D:7      | XOM: mild Chrm miscast
  7989 | D:8      | Noticed an ice devil
  7990 | D:8      | Noticed an ice devil
  7992 | D:8      | Noticed an ice devil
  7992 | D:8      | Noticed an ice devil
  7992 | D:8      | Noticed an ice devil
  7993 | D:8      | Noticed an ice statue
  7993 | D:8      | Noticed an ice devil
  8008 | D:8      | XOM: mild Fire miscast
  8022 | D:8      | Killed an ice devil
  8023 | D:8      | Killed an ice devil
  8047 | D:8      | XOM: 1-stop teleportation journey
  8054 | D:8      | Reached ** piety under Trog
  8068 | D:8      | XOM: give mutations
  8068 | D:8      | Gained mutation: Scrolls take you a little longer to read.
                  | [Xom's mischief]
  8068 | D:8      | Gained mutation: Your body sometimes deteriorates upon
                  | taking damage. [Xom's mischief]
  8068 | D:8      | Lost mutation: You can translocate small distances at will.
                  | [Xom's mischief]
  8068 | D:8      | Gained mutation: Your body often deteriorates upon taking
                  | damage. [Xom's mischief]
  8197 | D:7      | Reached XP level 10. HP: 100/105 MP: 9/9
  8257 | D:7      | XOM: summons 14 hostile demons
  8519 | D:8      | Identified Ruithrop's Guide on the Hurtful Voyage
  8567 | D:8      | Noticed a two-headed ogre
  8568 | D:8      | Noticed a three-headed hydra
  9037 | D:8      | Killed a three-headed hydra
  9150 | D:8      | Killed a two-headed ogre
  9170 | D:8      | Reached skill level 15 in Fighting
  9532 | D:9      | Found a stormy altar of Qazlal.
  9680 | D:9      | You fall into a shaft and drop 1 floor!
  9680 | D:10     | Entered Level 10 of the Dungeon
  9967 | D:9      | Found a blossoming altar of Fedhas.
 10112 | D:9      | XOM: give mutations
 10112 | D:9      | Gained mutation: You are surrounded by a moderate repulsion
                  | field. (EV +3) [Xom's grace]
 10112 | D:9      | Gained mutation: You have large cloven feet. [Xom's grace]
 10112 | D:9      | Gained mutation: You are covered in fur. (AC +1) [Xom's
                  | grace]
 10112 | D:9      | Gained mutation: You are partially covered in iridescent
                  | scales. (AC +2) [Xom's grace]
 10243 | D:10     | Found a staircase to the Lair.
 10243 | D:10     | Noticed a death yak
 10243 | D:10     | Noticed a death yak
 10243 | D:10     | Noticed a death yak
 10243 | D:10     | Noticed a death yak
 10243 | D:10     | Noticed a death yak
 10243 | D:10     | Noticed a death yak
 10243 | D:10     | Noticed a death yak
 10250 | D:10     | Killed a death yak
 10250 | D:10     | Reached XP level 11. HP: 70/120 MP: 10/10
 10271 | D:9      | Killed a death yak
 10271 | D:9      | Reached skill level 5 in Armour
 10594 | D:10     | Found a shadowy altar of Dithmenos.
 10736 | D:10     | Killed a death yak
 10741 | D:10     | Killed a death yak
 10741 | D:10     | Reached skill level 5 in Dodging
 10748 | D:10     | Killed a death yak
 11286 | D:10     | XOM: mild Hex miscast
 11376 | D:10     | Killed a death yak
 11380 | D:10     | Killed a death yak
 11453 | D:10     | Found a shadowy altar of Dithmenos.
 11637 | D:10     | Found a staircase to the Lair.
 11717 | D:10     | Reached *** piety under Trog
 11984 | D:11     | Found a roughly hewn altar of Beogh.
 11984 | D:11     | Found a staircase to the Orcish Mines.
 12202 | D:11     | Noticed a green ugly thing
 12212 | D:11     | Killed a green ugly thing
 12259 | D:11     | XOM: mild Fire miscast
 12475 | D:11     | XOM: harmless Ice miscast
 12662 | Orc:1    | Entered Level 1 of the Orcish Mines
 12781 | Orc:2    | Entered Level 2 of the Orcish Mines
 12793 | Orc:2    | Reached **** piety under Trog
 12873 | Orc:2    | Reached XP level 12. HP: 102/130 MP: 11/11
 13020 | Orc:2    | Noticed Saint Roka
 13242 | Orc:1    | XOM: silly message
 13537 | Orc:1    | XOM: harmless Air miscast
 13716 | Orc:1    | XOM: silly message
 13769 | Orc:2    | Killed Saint Roka
 13769 | Orc:2    | Reached skill level 10 in Armour
 13862 | Orc:1    | XOM: harmless Tloc miscast
 14124 | Orc:2    | XOM: harmless Fire miscast
 14328 | Orc:2    | Reached skill level 10 in Dodging
 14356 | Orc:2    | Found a staircase to the Elven Halls.
 14675 | Orc:1    | Reached ***** piety under Trog
 14856 | Orc:1    | Found a shimmering blue altar of Sif Muna.
 15019 | Orc:2    | Noticed a two-headed ogre
 15025 | Orc:2    | Reached skill level 15 in Axes
 15032 | Orc:2    | Killed a two-headed ogre
 15183 | Orc:2    | Found Wefioxei's Antique Armour Boutique.
 15183 | Orc:2    | Found Yqeucu's Antique Armour Shoppe.
 15185 | Orc:2    | Found Deasoi's Gadget Emporium.
 15187 | Orc:2    | Found Apenup's Magic Scroll Shop.
 15199 | Orc:2    | Bought a scroll of identify for 24 gold pieces
 15199 | Orc:2    | Bought a scroll of identify for 24 gold pieces
 15199 | Orc:2    | Bought a scroll of enchant armour for 90 gold pieces
 15207 | Orc:2    | Reached XP level 13. HP: 138/138 MP: 12/12
 15490 | Orc:2    | XOM: mild Erth miscast
 15492 | Orc:2    | Bought a glowing cloak for 225 gold pieces
 15499 | Orc:2    | Bought a wand of clouds (5) for 351 gold pieces
 15499 | Orc:2    | Bought a wand of scattershot (5) for 351 gold pieces
 15527 | Orc:2    | XOM: mild Hex miscast
 15628 | D:10     | XOM: give mutation
 15628 | D:10     | Lost mutation: Your body often deteriorates upon taking
                  | damage. [Xom's mischief]
 15628 | D:10     | Was forgiven by Xom
 15643 | Lair:1   | Entered Level 1 of the Lair of Beasts
 15809 | Lair:1   | Reached skill level 1 in Evocations
 16363 | Lair:2   | Received a gift from Trog
 16924 | Lair:2   | Found a hole to the Spider Nest.
 18233 | Lair:4   | Found a staircase to the Swamp.
 18438 | Lair:4   | Noticed Nergalle
 18445 | Lair:4   | Killed Nergalle
 18458 | Lair:4   | Reached skill level 5 in Evocations
 18480 | Lair:4   | Received a gift from Trog
 18491 | Lair:4   | Got a pitted fustibalus {god gift}
 18515 | Lair:4   | Identified the +5 fustibalus of Macwot {velocity, rElec
                  | MP-9 Int+3 Dex+5} (Trog gifted it to you on level 4 of the
                  | Lair of Beasts)
 19131 | Lair:4   | Reached XP level 14. HP: 148/148 MP: 15/17
 19560 | Lair:5   | Lost mutation: Scrolls take you a little longer to read.
                  | [potion of mutation]
 19560 | Lair:5   | Lost mutation: You occasionally shout uncontrollably at
                  | your foes. [potion of mutation]
 19560 | Lair:5   | Gained mutation: Your system is resistant to poisons.
                  | (rPois) [potion of mutation]
 19662 | Lair:5   | Found a staircase to the Slime Pits.
 19934 | Lair:5   | Found a runed translucent gate.
 19934 | Lair:5   | Found a runed translucent gate.
 19934 | Lair:5   | Found a runed translucent gate.
 19937 | Lair:5   | Noticed skumtomte's ghost (journeyman TrMo)
 20140 | Lair:5   | Identified a scroll of acquirement
 20192 | Lair:6   | Entered Level 6 of the Lair of Beasts
 20359 | Lair:6   | Reached ****** piety under Trog
 20385 | Lair:6   | Received a gift from Trog
 20394 | Lair:6   | Got a transparent executioner's axe {god gift}
 20395 | Lair:6   | Identified the +4 executioner's axe "Ysmiubla" {flame,
                  | rElec MR- Int+2} (Trog gifted it to you on level 6 of the
                  | Lair of Beasts)
 21694 | Lair:5   | Killed skumtomte's ghost
 22381 | Orc:2    | Bought 3 scrolls of teleportation for 108 gold pieces
 22381 | Orc:2    | Bought a scroll of blinking for 90 gold pieces
 22381 | Orc:2    | Bought a scroll of identify for 24 gold pieces
 22716 | D:5      | Bought 2 scrolls of teleportation for 90 gold pieces
 22716 | D:5      | Bought a scroll of immolation for 52 gold pieces
 23076 | D:12     | Found a white marble altar of Elyvilon.
 23175 | D:12     | Reached XP level 15. HP: 155/155 MP: 17/20
 23272 | D:12     | Noticed Kirke
 23278 | D:12     | Killed Kirke
 23398 | D:12     | Identified the Catalogue of Igneous Clay
 23590 | D:13     | Received a gift from Trog
 23821 | D:13     | Found a gate to the Vaults.
 24090 | Orc:2    | Bought a scroll of identify for 24 gold pieces
 24605 | D:14     | Received a gift from Trog
 25499 | D:15     | Entered Level 15 of the Dungeon
 25501 | D:15     | Noticed Agnes
 25511 | D:14     | Killed Agnes
 26073 | D:15     | Reached XP level 16. HP: 166/166 MP: 21/21
 26218 | D:15     | Found a staircase to the Depths.
 26321 | D:15     | Found a runed translucent gate.
 26321 | D:15     | Found a runed translucent gate.
 26322 | D:15     | Found a runed translucent gate.
 26746 | Swamp:1  | Entered Level 1 of the Swamp
 26929 | Swamp:1  | Received a gift from Trog
 28110 | Swamp:3  | Reached skill level 15 in Armour
 28180 | Swamp:3  | Noticed a thorn hunter
 28191 | Swamp:3  | Killed a thorn hunter
 28777 | Swamp:4  | Entered Level 4 of the Swamp
 28820 | Swamp:4  | Noticed a thorn hunter
 28836 | Swamp:4  | Killed a thorn hunter
 28965 | Swamp:4  | Received a gift from Trog
 29230 | Swamp:4  | Noticed the 27-headed Lernaean hydra
 30208 | Swamp:4  | Killed the 25-headed Lernaean hydra
 30423 | Swamp:4  | Got a decaying rune of Zot
 30830 | Spider:1 | Entered Level 1 of the Spider Nest
 30835 | Spider:1 | Reached XP level 17. HP: 179/179 MP: 22/22
 30958 | Spider:1 | Received a gift from Trog
 31727 | Spider:2 | Received a gift from Trog
 32007 | Spider:2 | Noticed Donald
 32017 | Spider:2 | Killed Donald
 32123 | Spider:2 | Noticed Asterion
 32138 | Spider:2 | Noticed Arachne
 32294 | Spider:2 | Killed Asterion
 32297 | Spider:2 | Reached skill level 15 in Dodging
 32300 | Spider:2 | Killed Arachne
 32643 | Spider:3 | Noticed Azrael
 32654 | Spider:3 | Killed Azrael
 32854 | Spider:3 | Received a gift from Trog
 33194 | Spider:4 | Entered Level 4 of the Spider Nest
 33569 | Spider:4 | Noticed Bai Suzhen
 33598 | Spider:4 | Killed Bai Suzhen
 33724 | Spider:4 | Received a gift from Trog
 33754 | Spider:4 | Reached XP level 18. HP: 173/198 MP: 19/23
 33818 | Spider:4 | Got a pair of blackened boots
 33824 | Spider:4 | Identified the +2 pair of boots "Rogoezaw" {Dex+4 Stlth+}
                  | (You found it on level 4 of the Spider Nest)
 33989 | Spider:4 | Got a gossamer rune of Zot
 35015 | Vaults:1 | Entered Level 1 of the Vaults
 35758 | Vaults:1 | Received a gift from Trog
 36441 | Vaults:2 | Noticed Mennas
 36467 | Vaults:2 | Killed Mennas
 36746 | Vaults:2 | Received a gift from Trog
 36746 | Vaults:2 | Reached XP level 19. HP: 198/210 MP: 17/24
 36893 | Vaults:2 | Found a staircase to the Crypt.
 36893 | Vaults:2 | Found a basalt altar of Yredelemnul.
 36894 | Vaults:2 | Found an ancient bone altar of Kikubaaqudgha.
 36951 | Vaults:2 | Identified the ring of the Seven Songs {rC+ rN+} (You found
                  | it on level 2 of the Vaults)
 36997 | Vaults:2 | Found Fiwetzash's Antique Weapon Shop.
 37127 | Vaults:2 | Received a gift from Trog
 38007 | Vaults:3 | Found the +8 glaive of the Guard {elec, +Rage AC+5 SInv}
 38059 | Vaults:3 | Received a gift from Trog
 38125 | Vaults:3 | Found a ruined gateway.
 38139 | Desolati | Entered the Desolation of Salt
 38479 | Desolati | Reached XP level 20. HP: 202/220 MP: 25/25
 38528 | Desolati | Identified the +2 cloak "Faivapusav" {Str+4 Int+4} (You
                  | found it in the Desolation of Salt)
 38825 | Desolati | Received a gift from Trog
 38955 | Desolati | Got a transparent chain mail
 38966 | Desolati | Identified the cursed +1 chain mail of Dim Light {rPois
                  | rF+} (You found it in the Desolation of Salt)
 40318 | Vaults:3 | Received a gift from Trog
 40701 | D:3      | Killed 2BsUSBport's ghost
 41607 | D:15     | Found a runed translucent gate.
 41607 | D:15     | Found a runed translucent gate.
 41612 | D:15     | Noticed Jiopn's ghost (adept MiBe)
 41612 | D:15     | Found a runed translucent gate.
 41833 | Crypt:1  | Entered Level 1 of the Crypt
 42517 | Orc:2    | Bought a lamp of fire for 520 gold pieces
 42517 | Orc:2    | Bought a box of beasts for 260 gold pieces
 43257 | Vaults:4 | Found Tidoqes's Antique Armour Boutique.
 43481 | Vaults:4 | Received a gift from Trog
 43693 | Vaults:4 | Noticed Mara
 43717 | Vaults:4 | Killed Mara
 44044 | Depths:1 | Entered Level 1 of the Depths
 44180 | Depths:1 | Reached XP level 21. HP: 225/229 MP: 23/27
 44266 | Depths:1 | Found a one-way gate leading to the halls of Pandemonium.
 44289 | Depths:1 | Found a gateway to Hell.
 44330 | Depths:1 | Reached skill level 10 in Evocations
 44567 | Depths:1 | Received a gift from Trog
 44607 | Depths:1 | Identified the amulet "Qirautuimu" {Reflect rF++ SH+6}
 45572 | Depths:1 | Found a one-way gate to the infinite horrors of the Abyss.
 45685 | Depths:1 | Found Zaosaackeyfu's Gadget Emporium.
 45686 | Depths:1 | Found Biedaun's Jewellery Boutique.
 45724 | Depths:1 | Identified the +2 pair of gloves of Ybimy {+Blink MR-
                  | Dex+3} (You found it on level 1 of the Depths)
 45726 | Depths:1 | Identified the +6 battleaxe of Mytopu {flame, rPois SInv}
                  | (You found it on level 1 of the Depths)
 45766 | Depths:1 | Found Gium's Gadget Emporium.
 45772 | Depths:1 | Bought a wand of scattershot (5) for 567 gold pieces
 45772 | Depths:1 | Bought a box of beasts for 420 gold pieces
 46509 | Depths:2 | Received a gift from Trog
 46554 | Depths:2 | Identified the +5 quarterstaff "Derusebu" {crush, *Drain
                  | rC+++ MR+++ Str-2}
 46880 | Depths:2 | Reached XP level 22. HP: 243/243 MP: 9/29
 47626 | Depths:2 | Found a gateway to a ziggurat.
 47885 | Depths:3 | Received a gift from Trog
 48042 | Depths:3 | Noticed a juggernaut
 48065 | Depths:3 | Killed a juggernaut
 48413 | Depths:3 | Received a gift from Trog
 48537 | Depths:3 | Noticed Xtahua
 48545 | Depths:3 | Killed Xtahua
 49273 | Depths:4 | Reached XP level 23. HP: 249/249 MP: 31/31
 49414 | Depths:4 | Noticed a caustic shrike
 49415 | Depths:4 | Noticed a caustic shrike
 49574 | Depths:4 | Received a gift from Trog
 49861 | Depths:4 | Killed a caustic shrike
 50531 | Depths:5 | Entered Level 5 of the Depths
 51325 | Depths:5 | Reached skill level 27 in Axes
 51329 | Depths:5 | Noticed a caustic shrike
 51331 | Depths:5 | Noticed a caustic shrike
 51344 | Depths:4 | Killed a caustic shrike
 51346 | Depths:4 | Killed a caustic shrike
 51459 | Depths:4 | Killed a caustic shrike
 51529 | Depths:5 | Received a gift from Trog
 51537 | Depths:5 | Noticed a caustic shrike
 51537 | Depths:5 | Noticed Sojobo
 51563 | Depths:5 | Killed Sojobo
 51566 | Depths:5 | Killed a caustic shrike
 51568 | Depths:5 | Reached skill level 15 in Evocations
 51773 | Depths:5 | Found a gate to the Realm of Zot.
 51861 | Depths:5 | Found an ornate altar of the Wu Jian Council.
 52041 | Depths:5 | Identified Qyskoanu's Collected Works on the Blaze
 52103 | Depths:5 | Found Ubanaf's Jewellery Emporium.
 53553 | Vaults:5 | Entered Level 5 of the Vaults
 53624 | Vaults:5 | Reached XP level 24. HP: 234/260 MP: 33/33
 53805 | Vaults:5 | Received a gift from Trog
 54051 | Vaults:5 | Noticed Margery
 54077 | Vaults:5 | Killed Margery
 54083 | Vaults:5 | Identified the ring "Binasott" {rF+ rN+}
 54115 | Vaults:5 | Received a gift from Trog
 54131 | Vaults:5 | Identified the +7 scythe "Waushani" {pain, rC+ Int+4
                  | Stlth+}
 54246 | Vaults:5 | Found Ziole's Book Boutique.
 54418 | Vaults:5 | Got a silver rune of Zot
 54637 | Vaults:5 | Got a pitted iron amulet
 54639 | Vaults:5 | Got a faintly humming plate armour
 54640 | Vaults:5 | Identified the amulet of Mucocwef {Reflect -Tele +Fly rN++
                  | SH+5 Stlth+} (You found it on level 5 of the Vaults)
 54643 | Vaults:5 | Identified the +4 plate armour of Ufotocw {Int+4} (You
                  | found it on level 5 of the Vaults)
 54789 | Vaults:5 | Reached XP level 25. HP: 262/276 MP: 33/33
 55420 | Slime:1  | Entered Level 1 of the Pits of Slime
 55464 | Slime:1  | Received a gift from Trog
 56457 | Slime:2  | Gained mutation: Armour fits poorly on your strangely
                  | shaped body. [a shining eye]
 56458 | Slime:2  | Gained mutation: Scrolls take you a little longer to read.
                  | [a shining eye]
 56614 | Spider:1 | Lost mutation: Scrolls take you a little longer to read.
                  | [potion of mutation]
 56614 | Spider:1 | Lost mutation: You are agile. (Dex +2) [potion of mutation]
 56614 | Spider:1 | Lost mutation: Your system is resistant to poisons. (rPois)
                  | [potion of mutation]
 56614 | Spider:1 | Lost mutation: You are robust. (+10% HP) [potion of
                  | mutation]
 56614 | Spider:1 | Gained mutation: You have hoof-like feet. [potion of
                  | mutation]
 56614 | Spider:1 | Gained mutation: Your flesh is cold resistant. (rC+)
                  | [potion of mutation]
 58514 | Zot:1    | Entered Level 1 of the Realm of Zot
 58665 | Depths:1 | Bought a sack of spiders for 440 gold pieces
 58665 | Depths:1 | Bought a phantom mirror for 660 gold pieces
 58669 | Depths:1 | Bought a phantom mirror for 630 gold pieces
 58669 | Depths:1 | Bought a phantom mirror for 630 gold pieces
 58669 | Depths:1 | Bought a phantom mirror for 630 gold pieces
 59980 | Zot:1    | Received a gift from Trog
 61584 | Zot:1    | Lost mutation: Your body sometimes deteriorates upon taking
                  | damage. [potion of mutation]
 61584 | Zot:1    | Lost mutation: You have a pair of large horns on your head.
                  | [potion of mutation]
 61584 | Zot:1    | Lost mutation: You are surrounded by a moderate repulsion
                  | field. (EV +3) [potion of mutation]
 61584 | Zot:1    | Lost mutation: You are weak. (Str -2) [potion of mutation]
 61584 | Zot:1    | Gained mutation: You can translocate small distances at
                  | will. [potion of mutation]
 63748 | Zot:2    | Reached skill level 27 in Fighting
 64183 | Zot:2    | You fall into a shaft and drop 2 floors!
 64183 | Zot:4    | Noticed a Killer Klown
 64183 | Zot:4    | Noticed a Killer Klown
 64183 | Zot:4    | Noticed an ancient lich
 64183 | Zot:4    | Noticed a Killer Klown
 64183 | Zot:4    | Noticed a Killer Klown
 64184 | Zot:4    | Noticed a Killer Klown
 64189 | Zot:5    | Entered Level 5 of the Realm of Zot
 64200 | Zot:5    | Killed a Killer Klown
 64200 | Zot:5    | Received a gift from Trog
 64204 | Zot:5    | Reached skill level 27 in Armour
 64209 | Zot:5    | Reached XP level 26. HP: 241/266 MP: 13/33
 64971 | Zot:4    | Killed an ancient lich
 65823 | Zot:2    | Found a transporter.
 65827 | Zot:2    | Noticed Xulepti Man's ghost (legendary MiFi)
 65834 | Zot:2    | Found a transporter.
 66156 | Zot:3    | Received a gift from Trog
 67509 | Zot:4    | Found Nela's Changing Room.
 67563 | Zot:4    | Reached XP level 27. HP: 238/273 MP: 11/34
 68325 | Zot:5    | Noticed an orb of fire
 68333 | Zot:5    | Noticed an orb of fire
 68344 | Zot:5    | Killed an orb of fire
 68358 | Zot:5    | Killed an orb of fire
 68363 | Zot:5    | Noticed an orb of fire
 68380 | Zot:5    | Killed an orb of fire
 69344 | Zot:5    | Noticed an orb of fire
 69356 | Zot:5    | Noticed an ancient lich
 69357 | Zot:5    | Killed an orb of fire
 69369 | Zot:5    | Killed an ancient lich
 69373 | Zot:5    | Noticed an ancient lich
 69784 | Zot:5    | Killed an ancient lich
 69811 | Zot:5    | Noticed an ancient lich
 69824 | Zot:5    | Killed an ancient lich
 71057 | Zot:5    | Got the Orb of Zot
 71566 | D:10     | Noticed Kauplitz the pandemonium lord
 71568 | D:10     | Received a gift from Trog
 71750 | D:$      | Escaped with the Orb!

Levels and vault maps discovered:
D:1:      lightli_arrival_maybe_door_vault, layout_loops_ring,
          kennysheep_decorative_pillar
D:2:      layout_rooms, lemuel_coloured_pillars_altar, first_ration, st_stairs_7
D:3:      layout_loops_ring, gammafunk_ghost_arena, serial_park_tiny_2
D:4:      layout_rooms, nicolae_overflow_hidden_temple
D:5:      layout_loops_ring, minmay_temple_entry_sparse_star, serial_shops,
          nicolae_shop_stone, lightli_ossuary_entry_decrepit_ruins, uniq_edmund
D:6:      layout_gridville, serial_shops, shop
D:7:      layout_rooms, grunt_ashenzari_visionary
          [grunt_ashenzari_visionary_swamp, grunt_ashenzari_visionary_spider]
D:8:      cheibrodos_frozen_isle, layout_basic, hangedman_ranch
          [blue_anna_fruit_fields]
D:9:      layout_roguey, nicolae_qazlal_general_emergency,
          fedhas_bush_and_centaur_altar
D:10:     layout_basic, dpeg_lair_monsters, nicolae_dithmenos_shadow_blocks
D:11:     layout_basic, david_orc_5
D:12:     layout_grid_maze, gauntlet_entry_generic, elyvilon_altar_5, uniq_kirke
D:13:     layout_basic, erik_vaults_2
D:14:     cheibrodos_breeding_chamber, layout_basic,
          hangedman_abyss_or_decor_stagger
D:15:     grunt_enter_depths_snipers, layout_rooms,
          ploomutoo_gammafunk_ghost_potion_laboratory, minmay_misc_feat_rows,
          uniq_agnes
Temple:   eino_narrow_crystal_temple
Lair:1:   layout_long_grid
Lair:2:   layout_loops_ring, spider_nest_entry_webs, bobbens_dragon_lair_wall
Lair:3:   layout_long_grid, wad_woods_road_03,
          eino_small_chamber_without_monster, chequers_serial_rivers_small_b,
          lemuel_fruit_fields
Lair:4:   lemuel_slime, layout_regular_city, skrybe_swamp_entry_bodies,
          grunt_megastairs_1, minmay_lair_oklob_chamber, uniq_nergalle
Lair:5:   layout_hall_layers, minmay_slime_entry_pillars, gammafunk_ghost_split
Lair:6:   due_jungle_book, layout_gridlike, nicolae_quartered_pool_medium,
          eino_small_chamber_without_monster, grunt_megastairs_4,
          lemuel_fruit_fields
Swamp:1:  layout_basic_swamp, evilmike_swamp_ruin_house_2, swamp_pool5
Swamp:2:  layout_basic_swamp, serial_swamp_ruin, evilmike_swamp_ruin_house_4,
          evilmike_swamp_ruin_rubble_1, evilmike_swamp_ruin_house_5
Swamp:3:  cheibrodos_swamp_tower_of_moss, layout_basic_swamp,
          evilmike_swamp_ruin_wall
Swamp:4:  swamp_old_school, layout_basic_swamp, swamp_pool3
Spider:1: layout_spider_delve
Spider:2: layout_spider_delve, drop_trap, uniq_asterion, uniq_arachne,
          uniq_donald
Spider:3: layout_spider_delve, uniq_azrael
Spider:4: grunt_spider_rune_circles, uniq_bai_suzhen
Slime:1:  layout_caves
Slime:2:  cheibrodos_slime_lost_civilization_1, layout_caves
Orc:1:    layout_diamond_mine, led_sif_book
Orc:2:    st_orc_rangers, layout_caves, lightli_orcish_oven, uniq_saint_roka
Vaults:1: v_rooms_5, vaults_standard_mumra_x, hangedman_vaults_hat, v_rooms_6,
          vaults_room_pools, vaults_dpeg_diagonal,
          nicolae_vaults_little_squares_2, grunt_vaults_hallway_short,
          nicolae_vaults_murderbox, hangedman_vaults_snaps,
          layout_vaults_quadrants
Vaults:2: ontoclasm_vaults_shuriken, hangedman_vaults_stagger,
          grunt_vaults_focal, v_misc_18, minmay_crypt_entry_necro_gods,
          v_misc_19, hangedman_vaults_cutoff, v_pattern_1, v_rooms_1,
          nicolae_vaults_angled_halls, vaults_mumra_minichess_inversion,
          layout_vaults_big_cross, serial_shops, shop, uniq_mennas
Vaults:3: v_misc_10, minmay_guarded_unrand_guard_vaults, v_misc_32,
          hangedman_vaults_capsules, vaults_room_fancy_cross,
          vaults_mumra_hexcomb, vaults_room_corners, v_misc_5, v_misc_23,
          ontoclasm_vaults_pinch, layout_vaults_big_room,
          portal_desolation_entry_ruin
Vaults:4: ontoclasm_vaults_ring_square, v_pattern_4, v_rooms_5,
          nicolae_vaults_little_squares_2, hangedman_vaults_corner, v_misc_5,
          v_alt_pattern_6, nicolae_vaults_three_branches,
          ontoclasm_vaults_gallery, v_misc_16, layout_vaults_omnibox,
          serial_shops, shop_fountains, uniq_mara
Vaults:5: uniq_margery
Crypt:1:  layout_chaotic_city, serial_glass, glass_columns_a, glass_columns_c,
          grunt_ministairs_15, grunt_crypt_arrival_split
Depths:1: layout_basic, minmay_room_of_horrors, rand_demon_pan_entry_5,
          hell_entry, minmay_fire_ice_demons, minmay_shop_grove
Depths:2: minmay_bloctagon, layout_basic, enter_ziggurat_a,
          rand_demon_pan_entry_4, nicolae_benzene_ring, lightli_too_deep
Depths:3: minmay_the_grid_square_5x5_4x4 [minmay_the_grid_square_5x5_z,
          minmay_the_grid_square_5x5_inverted_slash,
          minmay_the_grid_square_5x5_n_small, minmay_the_grid_square_5x5_empty,
          minmay_the_grid_square_5x5_tri_point,
          minmay_the_grid_square_5x5_prize_rear_guard,
          minmay_the_grid_square_5x5_prize_gold,
          minmay_the_grid_square_5x5_eight_small,
          minmay_the_grid_square_5x5_checkered_sparse,
          minmay_the_grid_square_5x5_prize_itemx,
          minmay_the_grid_square_5x5_prize_monsterx,
          minmay_the_grid_square_5x5_v, minmay_the_grid_square_5x5_checkered,
          minmay_the_grid_square_5x5_two_walls_a,
          minmay_the_grid_square_5x5_meh, minmay_the_grid_square_5x5_n],
          layout_twisted_cross, pf_hell_entry_tar_spiral,
          minmay_misc_feat_columns, grunt_pan_entry_in_and_out,
          kennysheep_path_1, serial_bayou_shore_b, uniq_xtahua
Depths:4: minmay_triangles_in_corner, layout_basic, hangedman_decor_growths,
          abyss_entry, hellmouth_1, minmay_staircase_statues_hall_large
Depths:5: grunt_zot_entry_gee_three, layout_cave_pools, hex_tiny,
          grunt_hell_entry_dis_old, serial_shops, shop,
          minmay_stone_trees_medium, argonaut_fire_from_heaven, uniq_sojobo
Zot:1:    layout_concentric_octagons, bh_zot_ikea_curve
Zot:2:    layout_onion_interference, gammafunk_ghost_arena
Zot:3:    layout_gridlike
Zot:4:    ebering_klown_carousel, layout_twisted_circle,
          nicolae_transmutations_shop
Zot:5:    layout_basic

Skill      XL: |  1  2  3  4  5  6  7  8  9 10 11 12 13 14 15 16 17 18 19 20 21 22 23 24 25 26 27 |
---------------+----------------------------------------------------------------------------------+-----
Axes           | 4 5 6 8 9 11 12 15 17 19 20 22 23 24 26 27 | 27.0
Fighting       | 8 12 15 16 17 20 22 23 25 27 | 27.0
Armour         | 4 9 10 11 13 15 16 19 20 21 23 27 | 27.0
Dodging        | 3 8 10 11 13 15 18 23 | 23.1
Evocations     | 5 8 9 11 13 15 17 18 | 18.0

Action                   |  1- 3 |  4- 6 |  7- 9 | 10-12 | 13-15 | 16-18 | 19-21 | 22-24 | 25-27 || total
-------------------------+-------+-------+-------+-------+-------+-------+-------+-------+-------++-------
Melee: Hand axe          |    94 |   121 |   101 |       |       |       |       |       |       ||   316
       Headbutt          |    18 |    19 |    54 |    95 |   235 |   283 |   401 |   329 |   330 ||  1764
       Unarmed           |     6 |       |       |       |       |       |       |       |     8 ||    14
       Dire flail        |       |       |   100 |   311 |    12 |       |       |       |       ||   423
       Kick              |       |       |       |   113 |   361 |   283 |       |       |       ||   757
       Battleaxe         |       |       |       |   103 |   904 |   878 |   635 |   253 |    14 ||  2787
       Executioner's axe |       |       |       |       |     1 |   137 |   551 |   783 |   995 ||  2467
 Fire: Hunting sling     |       |    21 |   104 |    52 |     2 |     1 |       |       |       ||   180
Throw: Dart              |       |       |       |    10 |       |       |       |       |       ||    10
Invok: Berserk           |       |       |       |     9 |     5 |     5 |     3 |     1 |     1 ||    24
       Trog's Hand       |       |       |       |     6 |     2 |     4 |     6 |     6 |     3 ||    27
       Brothers in Arms  |       |       |       |       |     5 |     8 |     4 |     4 |     9 ||    30
 Abil: Blink             |       |       |       |       |       |       |       |       |     9 ||     9
Evoke: Wand              |       |       |       |     9 |     2 |    14 |       |     5 |    18 ||    48
       Phial of floods   |       |       |       |       |     1 |       |       |       |     1 ||     2
       Lamp of fire      |       |       |       |       |       |       |     1 |     1 |     1 ||     3
       Phantom mirror    |       |       |       |       |       |       |       |     2 |       ||     2
       Fan of gales      |       |       |       |       |       |       |       |       |     1 ||     1
  Use: Potion            |     2 |     1 |       |     7 |     2 |     6 |     7 |     5 |    18 ||    48
       Scroll            |       |     7 |    11 |     5 |    14 |    11 |    18 |     9 |    23 ||    98
 Stab: Petrified         |     1 |       |       |       |       |       |       |       |       ||     1
       Paralysed         |       |       |     2 |       |       |     3 |       |       |     2 ||     7
       Confused          |       |       |     3 |       |       |       |       |       |       ||     3
       Distracted        |       |       |       |       |     1 |     3 |     1 |     7 |     2 ||    14
       Sleeping          |       |       |       |       |       |     1 |       |       |       ||     1
       Invisible         |       |       |       |       |       |       |     3 |       |       ||     3
  Eat: Chunk             |     1 |     6 |     4 |    17 |    33 |    14 |     4 |     5 |     7 ||    91
       Ration            |       |     1 |     3 |     4 |     3 |    10 |    10 |     8 |    18 ||    57
Armor: Leather armour    |    37 |       |       |       |       |       |       |       |       ||    37
       Skin              |    23 |       |       |       |       |       |       |       |       ||    23
       Ring mail         |       |    43 |    15 |       |       |       |       |       |       ||    58
       Scale mail        |       |       |    27 |   136 |       |       |       |       |       ||   163
       Plate armour      |       |       |       |    88 |   378 |   296 |   406 |   444 |    64 ||  1676
       Swamp dragon scal |       |       |       |       |       |   197 |       |       |       ||   197
       Chain mail        |       |       |       |       |       |       |     8 |       |       ||     8
       Gold dragon scale |       |       |       |       |       |       |       |       |   530 ||   530
Dodge: Dodged            |    52 |    46 |    96 |   425 |   551 |  1111 |   798 |   717 |   748 ||  4544
Block: Other             |       |       |       |       |       |       |    50 |   239 |   208 ||   497
       Reflection        |       |       |       |       |       |       |     6 |    24 |     6 ||    36

Table legend:
 A = Non-vault XP
 B = Vault XP
 C = Vault XP percentage of total XP
 D = Non-vault monster count
 E = Vault monster count
 F = Vault count percentage of total count
                 A         B        C        D         E       F
            +---------+---------+-------+---------+---------+-------
      Total |  881250 |  796359 |  47.5 |    1528 |     873 |  36.4
            +---------+---------+-------+---------+---------+-------
        D:1 |      48 |       0 |   0.0 |      23 |       0 |   0.0
        D:2 |     122 |       5 |   3.9 |      20 |       1 |   4.8
        D:3 |     178 |     191 |  51.8 |      23 |       4 |  14.8
        D:4 |     420 |       0 |   0.0 |      13 |       0 |   0.0
        D:5 |     628 |     153 |  19.6 |      15 |       1 |   6.2
        D:6 |     752 |       0 |   0.0 |      14 |       0 |   0.0
        D:7 |    1498 |       0 |   0.0 |      30 |       0 |   0.0
        D:8 |    2263 |    4682 |  67.4 |      22 |      21 |  48.8
        D:9 |     598 |     965 |  61.7 |      10 |       2 |  16.7
       D:10 |    1143 |    5254 |  82.1 |      16 |       6 |  27.3
       D:11 |    3662 |     268 |   6.8 |      32 |      22 |  40.7
       D:12 |    7758 |    2853 |  26.9 |      47 |       5 |   9.6
       D:13 |    8069 |    7128 |  46.9 |      46 |       8 |  14.8
       D:14 |   13822 |    7966 |  36.6 |      46 |      10 |  17.9
       D:15 |    8274 |    9211 |  52.7 |      18 |      12 |  40.0
     Lair:1 |    2923 |       0 |   0.0 |      13 |       0 |   0.0
     Lair:2 |    1968 |    6006 |  75.3 |       7 |      26 |  78.8
     Lair:3 |    2771 |     145 |   5.0 |      11 |       1 |   8.3
     Lair:4 |   10081 |    6417 |  38.9 |      34 |      38 |  52.8
     Lair:5 |    8398 |    2895 |  25.6 |      36 |       6 |  14.3
     Lair:6 |   15170 |    4512 |  22.9 |      40 |       9 |  18.4
    Swamp:1 |    9889 |       0 |   0.0 |      29 |       0 |   0.0
    Swamp:2 |   11082 |       0 |   0.0 |      23 |       0 |   0.0
    Swamp:3 |    7884 |    2222 |  22.0 |      25 |       1 |   3.8
    Swamp:4 |    8973 |   19656 |  68.7 |      20 |      28 |  58.3
   Spider:1 |   12980 |       0 |   0.0 |      41 |       0 |   0.0
   Spider:2 |   18320 |    8088 |  30.6 |      42 |       3 |   6.7
   Spider:3 |   15639 |    2002 |  11.3 |      51 |       5 |   8.9
   Spider:4 |   10104 |   21095 |  67.6 |      27 |      36 |  57.1
    Slime:1 |   29375 |       0 |   0.0 |      35 |       0 |   0.0
    Slime:2 |   12986 |       0 |   0.0 |      26 |       0 |   0.0
      Orc:1 |    2375 |     666 |  21.9 |      32 |       8 |  20.0
      Orc:2 |    3227 |   11074 |  77.4 |      18 |      53 |  74.6
   Vaults:1 |   30292 |   24700 |  44.9 |      38 |      39 |  50.6
   Vaults:2 |   24961 |   27131 |  52.1 |      46 |      33 |  41.8
   Vaults:3 |   39413 |   28633 |  42.1 |      60 |      31 |  34.1
   Vaults:4 |    8679 |   25932 |  74.9 |      17 |      27 |  61.4
   Vaults:5 |   41752 |  147875 |  78.0 |      57 |     103 |  64.4
    Crypt:1 |    3003 |       0 |   0.0 |       4 |       0 |   0.0
   Depths:1 |   44867 |   14880 |  24.9 |      45 |      42 |  48.3
   Depths:2 |   52656 |   21603 |  29.1 |      62 |      20 |  24.4
   Depths:3 |   38805 |   53853 |  58.1 |      56 |      48 |  46.2
   Depths:4 |   52123 |   40693 |  43.8 |      62 |      22 |  26.2
   Depths:5 |   30808 |   36496 |  54.2 |      35 |      23 |  39.7
      Zot:1 |   58925 |       0 |   0.0 |      31 |       0 |   0.0
      Zot:2 |   64236 |       0 |   0.0 |      33 |       0 |   0.0
      Zot:3 |   61588 |       0 |   0.0 |      40 |       0 |   0.0
      Zot:4 |   26785 |   22502 |  45.7 |      17 |       8 |  32.0
      Zot:5 |   68977 |  175993 |  71.8 |      40 |      51 |  56.0
    Ossuary |       0 |     709 | 100.0 |       0 |      30 | 100.0
 Desolation |       0 |   51905 | 100.0 |       0 |      90 | 100.0
            +---------+---------+-------+---------+---------+-------
